 Dungeon Crawl Stone Soup version 0.17-a0-1778-gd369669 (webtiles) character file.

226 ololoev the Poker (level 5, 0/41 HPs)
             Began as a Draconian Skald on Sept 8, 2015.
             Slain by Grinder (4 damage)
             ... while paralysed by Grinder
             ... on level 3 of the Dungeon.
             The game lasted 00:08:33 (2909 turns).

ololoev the Poker (Draconian Skald)                 Turns: 2909, Time: 00:08:33

Health: 0/41       AC:  5    Str: 14 (15) XL:     5   Next: 69%
Magic:  4/8        EV:  2    Int: 12      God:
Gold:   169        SH:  0    Dex: 11      Spells: 2 memorised, 5 levels left

rFire  + . .     SeeInvis .     a - +0 spear
rCold  . . .     Clarity  .     (armour unavailable)
rNeg   . . .     SustAt   .     (no shield)
rPois  .         Gourm    .     (helmet restricted)
rElec  .         Spirit   .     (no cloak)
rCorr  .         Warding  .     (no gloves)
rMut   .         Stasis   .     (no boots)
MR     .....                    (no amulet)
Stlth  +.........               n - ring of protection from cold
                                l - ring of fire (curse)

@: paralysed, infused (expiring), singing, not resistant to hostile
enchantments, very unstealthy
A: unfitting armour, cold-blooded, AC +5
a: Stop Singing


Innate Abilities, Weirdness & Mutations

Your plain brown scales are hard (AC +5).
Your body does not fit into most forms of armour.
You are cold-blooded and may be slowed by cold attacks.

Inventory:

Hand weapons
 a - a +0 spear (weapon)
Jewellery
 b - an uncursed ring of protection from fire
 l - a cursed ring of fire (left hand)
 n - a ring of protection from cold (right hand)
Magical devices
 s - a wand of frost (21)
Scrolls
 e - a scroll of enchant weapon {unknown}
 f - a scroll of magic mapping {unknown}
 g - 2 scrolls of identify {unknown}
 h - a scroll of blinking {unknown}
 k - a scroll of enchant armour {unknown}
 q - a scroll of fog {unknown}
 r - 2 scrolls of recharging {unknown}
 v - 2 scrolls of teleportation {unknown}
Potions
 d - a potion of curing
 o - 2 potions of brilliance
Comestibles
 c - 2 bread rations
 p - 3 beef jerkies
 w - a meat ration


   Skills:
 - Level 2.1 Fighting
 + Level 5.2 Polearms
 - Level 1.3 Dodging
 - Level 2.0 Spellcasting
 - Level 2.6 Charms
 + Level 2.6 Evocations


You had 5 spell levels left.
You knew the following spells:

 Your Spells              Type           Power        Failure   Level  Hunger
a - Infusion              Chrm           #.....       12%         1    ##.....
b - Song of Slaying       Chrm           #.......     14%         2    ###....


You were on level 3 of the Dungeon.
You were not hungry.

You visited 1 branch of the dungeon, and saw 3 of its levels.

You collected 169 gold pieces.

.... #...#
......####.5.#
........##...# #
.......#...#
#########
......#...#
........#
.....###.#
#######.### ...
#.# #### #......#
#5# #5#######...
#......# #@#
#......<....
#......### #.#
#########...
####+#.[.# #.#
#... #######.#.#)#
#.# #.##
..........#.# #.#
########(#
#######.###.####)#
#.....##.#
##.......##.#
##.....##.#
#........##.#
#.......#.#
#....)<..##.#
#.......#.##

Notes
Turn   | Place    | Note
--------------------------------------------------------------
     0 | D:1      | ololoev the Draconian Skald began the quest for the Orb.
     0 | D:1      | Reached XP level 1. HP: 17/17 MP: 3/3
   203 | D:1      | Reached XP level 2. HP: 18/24 MP: 5/5
   208 | D:1      | Learned a level 2 spell: Song of Slaying
   304 | D:1      | Reached skill level 3 in Polearms
   850 | D:2      | Reached XP level 3. HP: 25/29 MP: 6/6
   904 | D:2      | Noticed Terence
   935 | D:2      | Killed Terence
   935 | D:2      | Reached skill level 4 in Polearms
  1125 | D:2      | Found a blossoming altar of Fedhas.
  1129 | D:2      | Found an ancient bone altar of Kikubaaqudgha.
  1219 | D:2      | Reached XP level 4. HP: 36/36 MP: 7/7
  1829 | D:3      | Reached skill level 1 in Evocations
  2156 | D:3      | Noticed ololoev's ghost (average DrSk)
  2251 | D:3      | Killed ololoev's ghost
  2251 | D:3      | Reached skill level 5 in Polearms
  2251 | D:3      | Reached XP level 5. HP: 30/41 MP: 8/8
  2544 | D:3      | Noticed Grinder
  2897 | D:3      | Paralysed by Grinder for 5 turns
  2904 | D:3      | Paralysed by Grinder for 7 turns
  2909 | D:3      | Slain by Grinder

Dungeon Overview and Level Annotations

Branches:
Dungeon (3/15)

Altars:
Fedhas
Kikubaaqudgha

Annotations:
D:3 Grinder


Message History

Aim: Grinder You reach to attack!
You hit Grinder.
Grinder is lightly wounded.
Grinder gestures at you. Pain shoots through your body!
The kobold throws a stone.
The stone closely misses you.
Attack whom?
Press: ? - help, Dir - move target cursor, f/p - Grinder
Aim: Grinder (lightly wounded)
You reach to attack!
You hit Grinder!
Grinder is moderately wounded.
You hit Grinder.
Grinder is moderately wounded.
Grinder hits you.
You writhe in agony.
You closely miss Grinder.
Your tail-slap misses Grinder.
Grinder is moderately wounded.
Grinder gestures at you.
You suddenly lose the ability to move!
Grinder hits you but does no damage. Grinder hits you.
You writhe in agony.
All of the chunks of flesh in your inventory have rotted away.
Grinder hits you.
You writhe in agony.
Grinder gestures.
Grinder blinks!
You can move again.
Casting: Infusion
Confirm with . or Enter, or press ? or * to list all spells.
You start singing a song of slaying.
The kobold hits you but does no damage.
You hit the kobold.
You kill the kobold!
Grinder gestures at you.
You suddenly lose the ability to move!
Your magical infusion is running out.
Grinder gestures at you. Pain shoots through your body!
Grinder hits you but does no damage. Grinder gestures at you.
You shrug off the repeated paralysis!
Grinder hits you.
You writhe in agony.
You die...

You could see Grinder.

Vanquished Creatures
  The ghost of ololoev the Poker, an average DrSk (D:3)
  Terence (D:2)
  A worker ant (D:3)
  2 adders
  An ooze (D:1)
  2 worms (D:2)
  A giant gecko (D:3)
  7 orcs (D:3)
  10 bats
  2 giant cockroaches
  7 goblins
  7 hobgoblins
  A quokka (D:2)
  3 giant newts
  3 jackals (D:3)
  5 kobolds
  10 rats
64 creatures vanquished.

Action                   |  1- 3 |  4- 6 || total
-------------------------+-------+-------++-------
Melee: Spear             |   114 |   203 ||   317
 Cast: Infusion          |     1 |     3 ||     4
       Song of Slaying   |       |     4 ||     4
  Use: Potion            |       |     9 ||     9
 Stab: Sleeping          |     2 |       ||     2
       Distracted        |     1 |       ||     1
  Eat: Chunk             |     1 |     6 ||     7

Vault maps used:
D:1:      dpeg_arrival_long_road, minmay_misc_feat_chi
D:2:      overflow_temple_1_default, lemuel_round_altar, first_bread,
          solitary_fountain, uniq_terence
D:3:      uniq_iyjb, uniq_grinder
